Unix NetHack Version 5.0.0-0 post-release - last build May  4 2026 22:22:43 (774f63e81ad911689b3a0859ea89b322d5daca8d,branch:main).

Game began 2026-05-08 03:30:35, ended 2026-05-08 03:41:19.

BeardyHaddock, neutral male gnomish Archeologist

                                                                   --...
                                                                  --....
                                                                ---.....
                                                             ...........
                                                            -..%<.......
                                                            |.........
                                                            --#......v-
                                                              ----.|.-@
                                                                   ##h#*
BeardyHaddock the Field Worker  St:14 Dx:11 Co:12 In:18 Wi:13 Ch:8  Neutral
Dlvl:5  $:77 HP:0(22) Pw:11(11) AC:2  Xp:3 T:1931  Burdened

Latest messages:
 You miss the fog cloud.
 The little dog misses the fog cloud.
 The little dog misses it.
 The little dog misses it.
 You swap places with your little dog.
 The little dog misses the fog cloud.
 You see here 11 rocks.
 There are several objects here.
 It misses the fog cloud.
 It misses the fog cloud.
 $ - 13 gold pieces (77 in total).
 You have a little trouble lifting a broad pick.  Continue? [ynq] (q) y
 You have a little trouble lifting D - a broad pick.
 E - a dwarvish mithril-coat.
 Your movements are slowed slightly because of your load.
 It misses the fog cloud.
 It misses the fog cloud.
 What do you want to remove? [*] ?
 You were wearing a +0 tattered cape.
 You hear some noises.
 What do you want to wear? [bsE or ?*] ?
 It misses the fog cloud.
 You finish your dressing maneuver.
 What do you want to wear? [s or ?*] s
 You are now wearing a tattered cape.
 It bites the fog cloud.
 The fog cloud misses it.
 The hobbit thrusts his dagger.
 The hobbit hits!
 It misses the fog cloud.
 It misses the fog cloud.
 The hobbit thrusts his dagger.
 The hobbit hits!
 It bites the fog cloud.
 What do you want to drop? [$a-ilmo-zA-E or ?*] b
 You drop an uncursed +0 leather jacket.
 It misses the fog cloud.
 The hobbit thrusts his dagger.
 The hobbit hits!
 It misses the fog cloud.
 You miss the fog cloud.
 It misses the fog cloud.
 The hobbit thrusts his dagger.
 The hobbit hits!
 You die...
 Do you want your possessions identified? [ynq] (y) n
 Do you want to see your attributes? [ynq] (y) n
 Do you want an account of creatures vanquished? [ynaq] (y) n
 Do you want to see your conduct and achievements? [ynq] (y) n
 Do you want to see the dungeon overview? [ynq] (y) y

Inventory:
 Coins    ('$')
  $ - 77 gold pieces
 Weapons  (')')
  A - a +0 sling
  u - a +0 orcish dagger
  a - a +2 bullwhip (weapon in left hand)
  D - a +0 dwarvish mattock
 Armor    ('[')
  c - an uncursed +0 fedora (being worn)
  x - an uncursed +0 pair of gauntlets of dexterity (being worn)
  s - an uncursed +0 cloak of magic resistance (being worn)
  E - an uncursed +0 dwarvish mithril-coat (being worn)
 Comestibles  ('%')
  z - 2 uncursed cram rations
  d - 4 uncursed food rations
  w - an uncursed fortune cookie
 Scrolls  ('?')
  q - a cursed scroll of light
 Spellbooks  ('+')
  o - an uncursed spellbook of remove curse
 Potions  ('!')
  t - a blessed potion of full healing
  p - an uncursed potion of hallucination
  l - a blessed potion of restore ability
 Rings    ('=')
  m - a cursed ring of polymorph
 Wands    ('/')
  v - a wand of stasis (0:2)
 Tools    ('(')
  h - an empty uncursed sack
  C - an uncursed leash
  i - a magic marker (0:19)
  e - a +0 pick-axe (alternate weapon; not wielded)
  f - a tinning kit (0:81)
 Gems/Stones  ('*')
  r - 2 uncursed amber stones
  y - an uncursed worthless piece of blue glass
  g - an uncursed touchstone
  B - 3 uncursed rocks

BeardyHaddock the Archeologist's attributes:

Background:
 You were a Field Worker, a level 3 male gnomish Archeologist.
 You were neutral, nominally on a mission for Camaxtli
 who was opposed by Quetzalcoatl (lawful) and Huhetotl (chaotic).
 You were left-handed.
 You were in the Gnomish Mines, on level 5.
 You entered the dungeon 1931 turns ago.
 It was nighttime.
 You had 44 experience points, 36 more were needed to attain level 4.

Basics:
 You had 0 out of 22 hit points.
 You had all 11 energy points (spell power).
 Your armor class was 2.
 Your wallet contained 77 zorkmids.
 Autopickup was off.

Final Characteristics:
 Your strength was 14 (limit:18/50).
 Your dexterity was 11 (limit:18).
 Your constitution was 12 (limit:18).
 Your intelligence was 18 (limit:19).
 Your wisdom was 13 (limit:18).
 Your charisma was 8 (limit:18).

Final Status:
 You weren't hungry.
 You were burdened; movement was slightly slowed.
 You were wielding a whip.
 You had basic skill with whip.

Final Attributes:
 You were devoutly aligned.
 You were magic-protected.
 You had automatic searching.
 You had infravision.
 You were guarded.
 Your spell casting was impaired by metallic armor.
 You were lucky.
 You are dead.

Miscellaneous:
 You didn't encounter any bones levels.
 Total elapsed playing time was 10 minutes and 44 seconds.

Major events:
 Turn
    1: BeardyHaddock the neutral male gnomish Archeologist entered the dungeon
 1816: attained the rank of Field Worker (level 3)
 1869: entered the Gnomish Mines
 1931: killed by a hobbit

Spells:
 Name                 Level Category     Fail Retention
 remove curse           3   clerical     100%  76%-100%

Skills:
 Fighting Skills
   bare handed combat [Unskilled]
   two weapon combat  [Unskilled]
   riding             [Unskilled]
 Weapon Skills
   dagger             [Unskilled]
   knife              [Unskilled]
   pick-axe           [Basic]
   short sword        [Unskilled]
   saber              [Unskilled]
   club               [Unskilled]
   quarterstaff       [Unskilled]
   sling              [Unskilled]
   dart               [Unskilled]
   boomerang          [Unskilled]
   whip               [Basic]
   unicorn horn       [Unskilled]
 Spellcasting Skills
   attack spells      [Unskilled]
   healing spells     [Unskilled]
   divination spells  [Unskilled]
   matter spells      [Unskilled]

Voluntary challenges:
 Character rerolling was not enabled.
 You were an atheist.
 You never genocided any monsters.
 You never polymorphed an object.
 You never changed form.
 You used no wishes.
Achievements:
 You attained the rank of Field Worker.
 You entered the Gnomish Mines.

 The Dungeons of Doom: levels 1 to 4
    Level 1:
    Level 2:
       A fountain, a grave.
    Level 3:
       A grave.
    Level 4:
       Stairs down to The Gnomish Mines.
 The Gnomish Mines:
    Level 5: <- You were here.
       Final resting place for
          you, killed by a hobbit.


Vanquished creatures:
  a dwarf
  a coyote
  a hobbit
  a hobgoblin
  a giant rat
  a cave spider
  a green mold
  a gnome
  2 geckos
  4 jackals
  2 foxes
  a goblin
  3 sewer rats
  4 grid bugs
  2 lichens
  3 kobold zombies
  3 newts
32 creatures vanquished.

No species were genocided or became extinct.

Game over:
                       ----------
                      /          \
                     /    REST    \
                    /      IN      \
                   /     PEACE      \
                  /                  \
                  |  BeardyHaddock   |
                  |      77 Au       |
                  |   killed by a    |
                  |      hobbit      |
                  |                  |
                  |                  |
                  |       2026       |
                 *|     *  *  *      | *
        _________)/\\_//(\/(/\)/\//\/|_)_______

Goodbye BeardyHaddock the Archeologist...

You died in The Gnomish Mines on dungeon level 5 with 446 points,
and 77 pieces of gold, after 1931 moves.
You were level 3 with a maximum of 22 hit points when you died.

